 Dungeon Crawl Stone Soup version 0.23.2-40-g277498a001 (webtiles) character file.

Game seed: 7017547926991347919

30 Aggronaut the Charlatan (level 3, 0/28 HPs)
             Began as a Draconian Artificer on Oct 23, 2019.
             Was an Initiate of Ashenzari.
             Slain by a scorpion (9 damage)
             ... on level 1 of the Dungeon.
             The game lasted 00:04:10 (1212 turns).

Aggronaut the Charlatan (Draconian Artificer)       Turns: 1212, Time: 00:04:10

Health: 0/28       AC:  5    Str: 15    XL:     3   Next: 5%
Magic:  5/5        EV: 12    Int: 11    God:    Ashenzari [......]
Gold:   79         SH:  0    Dex: 11    Spells: 2/2 levels left

rFire    . . .     SeeInvis .   a - +0 short sword
rCold    . . .     Gourm    .   (no shield)
rNeg     . . .     Faith    .   (armour unavailable)
rPois    .         Spirit   .   (helmet restricted)
rElec    .         Reflect  .   (no cloak)
rCorr    .         Harm     .   (no gloves)
MR       .....                  (no boots)
Stlth    +.........             (no amulet)
HPRegen  0.09/turn              (no ring)
MPRegen  0.09/turn              (no ring)

@: lethally poisoned (0 -> -6)
A: unfitting armour, cold-blooded, AC +5
a: Curse Item, Renounce Religion


You were on level 1 of the Dungeon.
You worshipped Ashenzari.
Ashenzari was noncommittal.
You were not hungry.

You visited 1 branch of the dungeon, and saw 2 of its levels.

You collected 79 gold pieces.

Inventory:

Hand Weapons
 a - a +0 short sword (weapon)
Wands
 b - a wand of flame (15)
 c - a wand of enslavement (15)
 d - a wand of random effects (15)
Scrolls
 i - a scroll of remove curse
 j - a scroll of fog
Comestibles
 f - a ration


   Skills:
 - Level 1.1 Fighting
 + Level 2.2 Short Blades
 - Level 1.7 Dodging
 - Level 0.8 Stealth
 + Level 3.6 Evocations


You had 2 spell levels left.
You didn't know any spells.
Your spell library was empty.

Dungeon Overview and Level Annotations

Branches:
Dungeon (2/15)

Altars:
Ashenzari


Innate Abilities, Weirdness & Mutations

Your plain brown scales are hard. (AC +5)
You cannot fit into any form of body armour.
You are cold-blooded and may be slowed by cold attacks.


Message History

The scorpion is severely wounded.
The scorpion closely misses you.
You hit the scorpion but do no damage.
The scorpion is severely wounded.
The scorpion stings you.
You are poisoned.
The scorpion poisons you!
You hit the scorpion but do no damage.
Your tail-slap misses the scorpion.
The scorpion is severely wounded.
You feel sick. The scorpion stings you.
You hit the scorpion.
The scorpion is almost dead.
You feel sick. The scorpion stings you!
You closely miss the scorpion.
The scorpion is severely wounded.
You feel sick. The scorpion barely misses you.
You hit the scorpion but do no damage.
The scorpion is severely wounded.
The scorpion stings you!
You die...

#......#.#.#...........#
#......#.#..##'######### ##
#......#.##.##'## .##
#......#.##.#...#
(.###......#.##.#...#
...........'.##.....#
.###.......#####....# .#
#.......# #....# .# #.......#
#@s..##########
####.......######............#
###...#..#...................#
......#..#...................#
##....#...........>..........#
......#....).................#
###...#......................#
......+......................#
###...##.....................#


You could see a scorpion.

Vanquished Creatures
  A dart slug (D:1)
  A leopard gecko (D:1)
  4 bats (D:1)
  A giant cockroach (D:1)
  5 goblins (D:1)
  4 hobgoblins (D:1)
  2 jackals (D:1)
  2 ball pythons (D:1)
  A frilled lizard (D:1)
  2 kobolds (D:1)
  3 rats (D:1)
26 creatures vanquished.

Notes
Turn   | Place    | Note
-------+----------+-------------------------------------------
     0 | D:1      | Aggronaut the Draconian Artificer began the quest for the
                  | Orb.
     0 | D:1      | Reached XP level 1. HP: 16/16 MP: 3/3
   182 | D:1      | Found a shattered altar of Ashenzari.
   201 | D:1      | Reached XP level 2. HP: 18/23 MP: 4/4
   217 | D:1      | Became a worshipper of Ashenzari the Shackled
  1060 | D:1      | Reached XP level 3. HP: 28/28 MP: 5/5
  1171 | D:2      | Noticed a scorpion
  1212 | D:1      | Slain by a scorpion

Skill      XL: |  1  2 |
---------------+-------+-----
Short Blades   | 2 |  2.2
Fighting       | |  1.1
Dodging        | |  1.7
Stealth        | |  0.8
Evocations     | |  3.6

Action                   || total
-------------------------++-------
Melee: Short sword       ||   107
       Tailslap          ||    10
  Use: Potion            ||     1
       Scroll            ||     1
  Eat: Chunk             ||     1
Armor: Skin              ||    45
Dodge: Dodged            ||   105
